 Dungeon Crawl Stone Soup version 0.31-a0-549-gf98fd537a9 (webtiles) character file.

Game seed: 1213108939772236754

84 Ethylacetat the Insei (level 4, 0/31 HPs)
             Began as an Octopode Gladiator on Aug 16, 2023.
             Slain by Grinder (5 damage)
             ... while paralysed by Grinder
             ... on level 3 of the Dungeon.
             The game lasted 00:01:49 (1602 turns).

Ethylacetat the Insei (Octopode Gladiator)          Turns: 1602, Time: 00:01:50

Health: 0/31       AC:  1    Str: 13    XL:     4   Next: 45%
Magic:  4/4        EV:  2    Int: 10    God:
Gold:   144        SH:  0    Dex: 15    Spells: 1/3 levels left

rFire   . .          .
                       - Unarmed
rCold   . . .        (no shield)
rNeg    . . .        a - +0 hat
rPois   .            (no amulet)
rElec   .            (no ring)
rCorr   .            (no ring)
SInv    .            (no ring)
Will    .....        (no ring)
Stlth   ++           (no ring)
HPRegen 0.25/turn    (no ring)
MPRegen 0.09/turn    (no ring)
                     (no ring)

%: no passive effects
@: paralysed, attractive, hasted
A: almost no armour, amphibious, 8 rings, camouflage 1, gelatinous body 1,
(nimble swimmer 1), tentacles
a: no special abilities


You were on level 3 of the Dungeon.
You visited 1 branch of the dungeon, and saw 3 of its levels.

You collected 144 gold pieces.

Inventory:

Missiles
 b - 4 throwing nets (quivered)
 c - a javelin
Armour
 a - a +0 hat (worn)
Scrolls
 d - 2 scrolls of fog {unknown}
 e - 2 scrolls of immolation {unknown}
 f - a scroll of enchant armour {unknown}
 h - 3 scrolls of enchant weapon {unknown}
 i - a scroll of blinking {unknown}
 j - a scroll of noise {unknown}
 k - a scroll of vulnerability {unknown}
 n - a scroll of identify {unknown}
 o - a scroll of brand weapon {unknown}


   Skills:
 + Level 3.1 Fighting
 - Level 2.0 Throwing
 + Level 3.7 Dodging
 + Level 3.8 Unarmed Combat


You had one spell level left.
You knew the following spells:

 Your Spells              Type           Power      Damage    Failure   Level
a - Wereblood             Tmut           0%         N/A       50%         2

Your spell library contained the following spells:

 Spells                   Type           Power      Damage    Failure   Level
 Ensorcelled Hibernation  Hex/Ice        0%         N/A       50%         2
 Sublimation of Blood     Necr           0%         N/A       50%         2
 Anguish                  Hex/Necr       0%         N/A       98%         4
 Summon Hydra             Summ           0%         N/A       100%        7


Dungeon Overview and Level Annotations

Branches:
Dungeon (3/15)

Altars:
The Shining One

Shops:
D:1 !

Annotations:
D:3 Grinder


Innate Abilities, Weirdness & Mutations

You cannot wear most types of armour.
You are amphibious.
You can wear up to eight rings at the same time.
Your skin changes colour to match your surroundings (Stealth+).
Your rubbery body absorbs attacks. (AC +1, EV +1)
((You are camouflaged when in or above water. (Stealth+)))
You have tentacles for arms and can constrict up to eight enemies at once.


Message History

Found 3 poisoned darts.
The goblin hits you with a +0 dagger. The hobgoblin hits you.
There are monsters nearby!
You bludgeon the goblin!
You kill the goblin!
The hobgoblin hits you.
You closely miss the hobgoblin. Your grab misses the hobgoblin.
The hobgoblin hits you. The adder attacks as you move away!
The adder misses you.
Grinder blinks!
The adder bites you.
Grinder blinks!
You barely miss Grinder. Your grab misses Grinder.
Grinder says, "My boss said I was rubbish.
His entrails said otherwise."
Grinder blinks!
The hobgoblin hits you. The hobgoblin attacks as you move away!
The hobgoblin closely misses you. Grinder attacks as you move away!
Grinder barely misses you.
You barely miss Grinder. Your grab misses Grinder. Grinder hits you!
* * * LOW HITPOINT WARNING * * *
You writhe in agony.
* * * LOW HITPOINT WARNING * * *
Unknown command.
It was a potion of haste.
You feel yourself speed up. Grinder barely misses you.
It was a potion of curing.
You feel better. Grinder hits you.
* * * LOW HITPOINT WARNING * * *
You writhe in agony.
* * * LOW HITPOINT WARNING * * *
It was a potion of attraction.
You feel attractive to monsters.
You tentacle-slap Grinder. You grab Grinder.
Grinder is lightly wounded.
You constrict Grinder, but do no damage.
Grinder completely misses you.
You tentacle-slap Grinder but do no damage.
Grinder is lightly wounded.
You constrict Grinder, but do no damage.
Grinder gestures at you.
You suddenly lose the ability to move!
You lose your grip on Grinder.
Grinder hits you.
You die...

#...###†# #........
#...#)## #..w.....
#....# #........
###..# #.)......
######..###S.....(.
+.......Sg.S..#####
######.gS######
#.#5## #[#.@#
#...........
#######...## #.# ..


You could see Grinder, 2 adders and a goblin.

Vanquished Creatures
  An adder (D:2)
  3 worms (D:2)
  3 dart slugs (D:1)
  8 endoplasms
  2 giant cockroaches
  9 goblins
  5 hobgoblins (D:1)
  A quokka (D:2)
  5 ball pythons
  6 bats
  5 frilled lizards
  4 kobolds
  4 rats
56 creatures vanquished.

Notes
Turn   | Place    | Note
-------+----------+-------------------------------------------
     0 | D:1      | Ethylacetat the Octopode Gladiator began the quest for the
                  | Orb.
     0 | D:1      | Reached XP level 1. HP: 14/14 MP: 1/1
    64 | D:1      | Reached XP level 2. HP: 19/19 MP: 2/2
   301 | D:1      | Reached XP level 3. HP: 9/25 MP: 3/3
   635 | D:1      | Found Ezxatel's Distillery.
   805 | D:2      | Found a glowing golden altar of the Shining One.
   966 | D:2      | Reached XP level 4. HP: 30/30 MP: 4/4
   969 | D:2      | Learned a level 2 spell: Wereblood
  1585 | D:3      | Noticed Grinder
  1601 | D:3      | Paralysed by Grinder for 2 turns
  1602 | D:3      | Slain by Grinder

Illustrated notes

Levels and vault maps discovered:
D:1:      wander_arrival_peaceful_grave, layout_basic, serial_shops,
          nicolae_shop_rolling_square, minmay_pentomino_w4
D:2:      layout_loops_cross, basic_altar
D:3:      layout_basic, dreamdust_mushroom_princess, saegor_snake_ambush,
          uniq_natasha, uniq_grinder

Skill      XL: |  1  2  3  4 |
---------------+-------------+-----
Fighting       | 3 |  3.1
Throwing       | |  2.0
Dodging        | |  3.7
Unarmed Combat | |  3.8

Action                     |  1- 3 |  4- 6 || total
---------------------------+-------+-------++-------
  Melee: Unarmed           |    84 |    25 ||   109
         Constrict         |    22 |     9 ||    31
         Tentacles         |    19 |     8 ||    27
         Punch             |     3 |     1 ||     4
    Use: Potion            |       |     3 ||     3
   Stab: Sleeping          |    12 |     1 ||    13
 Armour: Skin              |    10 |     2 ||    12
  Dodge: Dodged            |    53 |    16 ||    69

Table legend: (Time is in decaauts)
 A = Elapsed time spent in this place.
 B = Non-inter-level travel time spent in this place.
 C = Inter-level travel time spent in this place.
 D = Time resting spent in this place.
 E = Time spent auto-exploring this place.
 F = Levels seen in this place.
 G = Mean time per level.
                   A        B        C        D        E       F      G
               +--------+--------+--------+--------+--------+-----+--------+
         Total |   1593 |   1552 |     41 |      0 |   1238 |   3 |  531.0 |
       Dungeon |   1593 |   1552 |     41 |      0 |   1238 |   3 |  531.0 |
               +--------+--------+--------+--------+--------+-----+--------+

Top non-repeatable levels by time:
     D:1: 800 daAuts
     D:2: 763 daAuts
     D:3: 29 daAuts
